AoeStats
← _Orca_

Nomad

507441096Analyzed
2v2 RM · 13d ago on Sep 18, 2026· 60m 35s· 4 players
Game mode
Random Map
Map size
176×176
Population
200
Speed
Normal
Resources
Standard
Victory
Conquest
Starting age
Dark Age
Ending age
Imperial Age
RankedLock teamsTeams togetherTeam positionsShared explorationLock speedFull tech treeHidden civsTurbo modeCheats
Victory
Defeat
🇧🇩 Celts · Bangladesh
1352
+11
🇲🇽 Mongols · Mexico
1078
+21
🇪🇪 Persians · Estonia
1282
-19
🇪🇪 Tupi · Estonia
1151
-13
Foma
7:23 Loom
15:17 Feudal Age
15:58 Double-Bit Axe
20:35 Castle Age
20:34 Scale Barding Armor
23:07 Husbandry
24:26 Bow Saw
27:20 Horse Collar
29:35 Fletching
31:05 Heavy Plow
34:05 Wheelbarrow
37:03 Bodkin Arrow
48:37 Bloodlines
55:17 Forging
AoEE.Karhanin
6:08 Loom
13:58 Feudal Age
18:31 Castle Age
16:45 Forging
17:08 Double-Bit Axe
19:57 Medium Warships
19:58 Gold Mining
20:42 Bow Saw
29:16 Fletching
29:38 Padded Archer Armor
34:28 Bodkin Arrow
36:16 Wheelbarrow
40:22 Imperial Age
40:32 Ballistics
41:45 Bracer
41:28 Elite Blackwood Archer
43:19 Conscription
44:35 Chemistry
45:32 Hand Cart
46:31 Horse Collar
49:46 Curare
alexisfabian95
15:57 Feudal Age
20:10 Castle Age
18:33 Forging
18:29 Scale Barding Armor
18:16 Fishing Lines
19:30 Stone Mining
19:30 Loom
20:04 Bloodlines
20:11 Town Watch
22:08 Iron Casting
23:53 Double-Bit Axe
24:51 Gold Mining
25:58 Fletching
29:05 Ballistics
31:28 Padded Archer Armor
33:48 Wheelbarrow
34:43 Gold Shaft Mining
36:10 Town Patrol
37:03 Hand Cart
44:47 Imperial Age
44:57 Imperial Age
43:07 Nomads
43:57 Bow Saw
43:36 Horse Collar
44:34 Bodkin Arrow
44:42 Husbandry
45:25 Heavy Camel Rider
45:41 Elite Mangudai
46:42 Conscription
46:27 Bracer
46:44 Leather Archer Armor
46:34 Elite Mangudai
47:43 Conscription
49:15 Conscription
50:35 Conscription
50:33 Elite Steppe Lancer
55:15 Chain Barding Armor
56:33 Stone Shaft Mining
59:06 Light Cavalry
61:37 Blast Furnace
_Orca_
4:38 Loom
14:06 Feudal Age
14:38 Fishing Lines
15:09 Double-Bit Axe
21:30 Castle Age
19:31 Horse Collar
19:43 Gold Mining
20:49 Stone Mining
21:52 Wheelbarrow
21:06 Town Watch
22:56 Bow Saw
23:57 Medium Warships
24:22 Gillnets
24:58 Hand Cart
31:22 Scale Mail Armor
31:33 Forging
35:27 Stronghold
41:24 Chain Mail Armor
41:45 Iron Casting
46:32 Imperial Age
44:52 Pikeman
45:18 Arson
47:04 Heavy Plow
47:40 Gold Shaft Mining
47:40 Conscription
46:58 Capped Ram
48:24 Plate Mail Armor
48:40 Furor Celtica
48:08 Siege Ram
49:16 Halberdier
50:57 Blast Furnace
51:46 Furor Celtica
53:01 Elite Woad Raider
55:02 Hoardings
54:41 Town Patrol
54:42 Fletching
56:39 Bodkin Arrow
Connection lost

Rejoining the realm…

Still unreachable

The connection could not be restored.

Session expired

The server has moved on; the page needs a fresh start.